 Seeded DCSS version 0.31-a0-354-g827e095 (webtiles) character file.

Game seed: 8784962005431254193 (custom seed)

79 PurpleRed the Vexing (level 4, 0/24 HPs)
             Began as a Deep Elf Hexslinger on July 23, 2023.
             Killed by nerve-wracking pain
             ... invoked by Jessica
              (13 damage)
             ... on level 2 of the Dungeon.
             The game lasted 00:07:33 (1596 turns).

PurpleRed the Vexing (Deep Elf Hexslinger)          Turns: 1596, Time: 00:07:34

Health: 0/24       AC:  2    Str:  5    XL:     4   Next: 17%
Magic:  0/10       EV: 13    Int: 20    God:
Gold:   87         SH:  0    Dex: 17    Spells: 2/9 levels left

rFire   . . .        a - +1 sling
rCold   . . .        (no shield)
rNeg    . . .        c - +0 robe
rPois   .            (no helmet)
rElec   .            (no cloak)
rCorr   .            (no gloves)
SInv    .            (no boots)
Will    .....        (no amulet)
Stlth   ++           (no ring)
HPRegen 0.24/turn    (no ring)
MPRegen 0.12/turn

%: no passive effects
@: no status effects
A: no striking features
a: no special abilities


You were on level 2 of the Dungeon.
You visited 1 branch of the dungeon, and saw 2 of its levels.

You collected 87 gold pieces.

Inventory:

Hand Weapons
 a - a +1 sling (weapon)
 d - a +0 spear
 h - a +0 dagger
Armour
 c - a +0 robe (worn)
Talismans
 i - a beast talisman
Scrolls
 b - a scroll of poison
 e - 2 scrolls of identify {unknown}
 k - a scroll of fear {unknown}
 l - a scroll of enchant weapon {unknown}
Potions
 f - a potion of enlightenment {unknown}
 g - a potion of brilliance {unknown}
 j - a potion of lignification {unknown}


   Skills:
 - Level 0.7 Fighting
 + Level 4.1 Ranged Weapons
 - Level 2.4 Dodging
 + Level 3.2 Spellcasting
 + Level 5.0 Hexes


You had 2 spell levels left.
You knew the following spells:

 Your Spells              Type           Power      Damage    Failure   Level
a - Slow                  Hex            92%        N/A       1%          1
b - Portal Projectile     Hex/Tloc       26%        N/A       14%         3
c - Inner Flame           Hex/Fire       13%        N/A       14%         3

Your spell library contained the following spells:

 Spells                   Type           Power      Damage    Failure   Level
 Lesser Beckoning         Tloc           6%         N/A       22%         2
 Cause Fear               Hex            11%        N/A       17%         4
 Gell's Gravitas          Tloc           3%         N/A       38%         3
 Ozocubu's Armour         Ice            3%         N/A       38%         3
 Teleport Other           Tloc           3%         N/A       38%         3
 Metabolic Englaciation   Hex/Ice        6%         N/A       80%         5
 Dispersal                Tloc           1%         N/A       100%        6
 Simulacrum               Ice/Necr       1%         N/A       100%        6


Dungeon Overview and Level Annotations

Branches:
Dungeon (2/15)

Altars:

Shops:
D:1 !

Annotations:
D:2 Jessica


Message History

Aiming: Slow (safe; 1% risk of failure)
Press: ? - help, Shift-Dir - straight line, f/p - Jessica
Aim: Jessica, wielding a +0 club and wearing a +0 robe (lightly wounded, fast, chance to affect: 64%) Jessica seems to slow down.
Jessica closely misses you.
Fire: a) +1 sling
Press: ? - help, Q - select action, (/) - cycle Shift-Dir - straight line, f/p - Jessica
Aim: Jessica, wielding a +0 club and wearing a +0 robe (lightly wounded, fast, slow, 60% to hit)
You shoot a sling bullet.
The sling bullet closely misses Jessica.
Jessica hits you with a +0 club.
Your magical contamination has completely faded away.
Fire: a) +1 sling
Press: ? - help, Q - select action, (/) - cycle Shift-Dir - straight line, f/p - Jessica
Aim: Jessica, wielding a +0 club and wearing a +0 robe (lightly wounded, fast, slow, 60% to hit)
You magically shoot a sling bullet.
The sling bullet hits Jessica but does no damage.
Jessica is lightly wounded.
You are no longer teleporting projectiles to their destination.
Jessica barely misses you.
Fire: a) +1 sling
Press: ? - help, Q - select action, (/) - cycle Shift-Dir - straight line, f/p - Jessica
Aim: Jessica, wielding a +0 club and wearing a +0 robe (lightly wounded, fast, slow, 60% to hit)
You shoot a sling bullet.
The sling bullet closely misses Jessica.
Jessica hits you with a +0 club.
Fire: a) +1 sling
Press: ? - help, Q - select action, (/) - cycle Shift-Dir - straight line, f/p - Jessica
Aim: Jessica, wielding a +0 club and wearing a +0 robe (lightly wounded, fast, slow, 60% to hit)
You shoot a sling bullet. The sling bullet hits Jessica.
Jessica is lightly wounded.
Jessica closely misses you. Jessica hits you with a +0 club!
Okay, then.
Fire: a) +1 sling
Press: ? - help, Q - select action, (/) - cycle Shift-Dir - straight line, f/p - Jessica
Aim: Jessica, wielding a +0 club and wearing a +0 robe (lightly wounded, fast, slow, 60% to hit)
You shoot a sling bullet. The sling bullet barely misses Jessica.
Jessica casts a spell at you. Pain shoots through your body!
Ouch! That really hurt!
You die...

#.# ###.#<#.#
#.#.##.# #.#
#.#.#.# #.#.##.#
#.# #.#.# #.#....#
#.# #.#.#
#.#...### #.#
#.#.# ###.###....
#.# #..........
#.# #.#.#######
#.######+#####.#.#
#.#....@@......#.#
#.#.......<....#..
#.#............###
#.#..............
#.######.#####.#.
#.######.#### ##
#...........# #.
## ########.##.#
#.. .. .... .. #..
#K


You could see Jessica (fast, slow).

Vanquished Creatures
  3 adders (D:2)
  A gnoll (D:1)
  3 worms (D:2)
  A dart slug (D:2)
  4 ball pythons
  2 bats (D:2)
  2 endoplasms (D:2)
  A giant cockroach (D:2)
  5 hobgoblins
  4 jackals (D:1)
  A quokka (D:2)
  2 kobolds (D:2)
  4 rats
33 creatures vanquished.

Notes
Turn   | Place    | Note
-------+----------+-------------------------------------------
     0 | D:1      | PurpleRed the Deep Elf Hexslinger began the quest for the
                  | Orb.
     0 | D:1      | Reached XP level 1. HP: 11/11 MP: 5/5
    42 | D:1      | Reached XP level 2. HP: 16/16 MP: 2/7
   117 | D:1      | Found Tial's Distillery.
   608 | D:2      | Noticed Jessica
   640 | D:2      | Reached XP level 3. HP: 20/20 MP: 6/9
   644 | D:2      | Learned a level 3 spell: Portal Projectile
   648 | D:2      | Learned a level 3 spell: Inner Flame
  1277 | D:2      | Reached skill level 5 in Hexes
  1277 | D:2      | Reached XP level 4. HP: 24/24 MP: 5/10
  1596 | D:2      | Killed from afar by Jessica

Illustrated notes

Levels and vault maps discovered:
D:1:      minmay_arrival_hallway, layout_rooms, serial_shops, shop
D:2:      layout_basic, serial_rivers, chequers_serial_rivers_micro_a,
          chequers_serial_rivers_micro_d, chequers_serial_rivers_micro_c,
          chequers_serial_rivers_small_3, chequers_serial_rivers_micro_b,
          minmay_quantized, uniq_jessica

Skill      XL: |  1  2  3 |
---------------+----------+-----
Ranged Weapons | 3 4 |  4.1
Spellcasting   | 2 3 |  3.2
Hexes          | 5 |  5.0
Fighting       | |  0.7
Dodging        | |  2.4

Action                     |  1- 3 |  4- 6 || total
---------------------------+-------+-------++-------
   Fire: Sling             |   104 |    20 ||   124
   Cast: Slow              |    28 |     1 ||    29
         Portal Projectile |     3 |     3 ||     6
         Inner Flame       |     1 |       ||     1
 Armour: Robe              |     8 |       ||     8
  Dodge: Dodged            |    30 |     3 ||    33

Table legend: (Time is in decaauts)
 A = Elapsed time spent in this place.
 B = Non-inter-level travel time spent in this place.
 C = Inter-level travel time spent in this place.
 D = Time resting spent in this place.
 E = Time spent auto-exploring this place.
 F = Levels seen in this place.
 G = Mean time per level.
                   A        B        C        D        E       F      G
               +--------+--------+--------+--------+--------+-----+--------+
         Total |   1625 |   1567 |     58 |     63 |   1066 |   2 |  812.5 |
       Dungeon |   1625 |   1567 |     58 |     63 |   1066 |   2 |  812.5 |
               +--------+--------+--------+--------+--------+-----+--------+

Top non-repeatable levels by time:
     D:2: 996 daAuts
     D:1: 628 daAuts
